 Dungeon Crawl Stone Soup version 0.29.0-13-gc9e81de378 (webtiles) character file.

Game seed: 16206629236114690054

65 Vulpanium the Trooper (level 4, -5/37 HPs)
             Began as a Merfolk Chaos Knight on Sept 7, 2022.
             Was a Plaything of Xom.
             Slain by a worm (8 damage)
             ... on level 3 of the Dungeon on Sept 8, 2022.
             The game lasted 00:06:36 (1843 turns).

Vulpanium the Trooper (Merfolk Chaos Knight)        Turns: 1843, Time: 00:06:37

Health: -5/37      AC:  6    Str: 11 (14) XL:     4   Next: 13%
Magic:  4/4        EV:  9    Int: 10 (11) God:    Xom [..*...]
Gold:   130        SH:  0    Dex: 12 (13) Spells: 3/3 levels left

rFire   . . .      SeeInvis .   a - +0 hand axe (chaos)
rCold   . . .      Faith    .   (no shield)
rNeg    . . .      Spirit   .   l - +0 scale mail
rPois   .          Reflect  .   (no helmet)
rElec   .          Harm     .   (no cloak)
rCorr   .          Rampage  .   (no gloves)
Will    .....                   (no boots)
Stlth   ..........              (no amulet)
HPRegen 0.12/turn               (no ring)
MPRegen 0.09/turn               (no ring)

@: no status effects
A: (nimble swimmer 2), mertail
a: Renounce Religion


You were on level 3 of the Dungeon.
You worshipped Xom.
You were a toy of Xom.
You visited 1 branch of the dungeon, and saw 3 of its levels.

You collected 130 gold pieces.

Inventory:

Hand Weapons
 a - a +0 hand axe of chaos (weapon)
Armour
 l - a +0 scale mail (worn)
Wands
 f - a wand of charming (6)
Scrolls
 b - a scroll of identify
 m - a scroll of noise {unknown}
Potions
 d - 2 potions of mutation
 e - a potion of heal wounds {unknown}
 g - 3 potions of attraction {unknown}
 h - 2 potions of magic {unknown}
 i - a potion of cancellation {unknown}
 j - a potion of degeneration
 k - 2 potions of flight {unknown}
Miscellaneous
 c - a piece from Xom's chessboard (13/15) (quivered)


   Skills:
 + Level 4.2 Fighting
 + Level 3.0 Axes
 + Level 1.0 Armour
 + Level 3.1 Dodging
 + Level 0.9 Stealth


You had 3 spell levels left.
You didn't know any spells.
Your spell library contained the following spells:

 Spells                   Type           Power      Damage    Failure   Level
 Shock                    Conj/Air       0%         1d3       93%         1
 Blink                    Tloc           0%         N/A       98%         2
 Swiftness                Air            0%         N/A       100%        3
 Airstrike                Air            0%         2d(0-16)  100%        4
 Manifold Assault         Tloc           0%         N/A       100%        5
 Storm Form               Tmut/Air       0%         N/A       100%        7


Dungeon Overview and Level Annotations

Branches:
Dungeon (3/15)

Altars:

Shops:
D:2 [


Innate Abilities, Weirdness & Mutations

((You are very nimble when in or above water. (Stealth+, EV+, Speed+++)))
Your lower body shifts to a powerful aquatic tail in water.


Message History

You hit the giant cockroach.
You kill the giant cockroach!
Found 3 stones.
You see here 3 stones.
A hobgoblin comes into view.
A hobgoblin is nearby!
The hobgoblin barely misses you.
You completely miss the hobgoblin. The hobgoblin barely misses you.
The hobgoblin closely misses you.
You hit the hobgoblin.
The hobgoblin seems to speed up.
The hobgoblin is moderately wounded.
The hobgoblin hits you but does no damage.
You hit the hobgoblin.
You kill the hobgoblin!
You see here a hobgoblin corpse.
Found a stone staircase leading down.
A worm comes into view.
Found 4 stones.
A worm is nearby!
You see here a scroll labelled UJEIMU UCLE.
m - a scroll labelled UJEIMU UCLE The worm closely misses you.
You barely miss the worm. The worm bites you!
A shower of butterflies erupts from you!
You hit the worm but do no damage.
The worm resists with some effort.
You hit the worm.
The worm flickers and vanishes!
Deactivating autopickup; reactivate with Ctrl-A.
Something bites you.
You barely miss something. Something bites you!
You closely miss something. You hit something.
Nothing appears to happen.
Something bites you.
* * * LOW HITPOINT WARNING * * *
You miss something. Something bites you!
* * * LOW HITPOINT WARNING * * *
It was a potion of degeneration.
There was something very wrong with that liquid.
You feel weakened.
You feel dopey.
You feel clumsy.
You hit something. Something bites you but does no damage.
You closely miss something. Something bites you!
You die...

#.. #.# ### .(.>..
#..... ##.#.# ###
#######.... # ..#
####.##.##.{###.##. #.#
#....##.##.@.......
#.####.####...bb..####.#
#.##..#.(......bb##
#.##.#.####..###.#
#.##.#..# #.†# #.#
#.##.##.##.......#
#..........#.##..#
#######.##.....#.# #
####.#.#..#


There were no monsters in sight!

Vanquished Creatures
  2 adders
  4 orcs (D:3)
  3 endoplasms
  4 giant cockroaches
  5 goblins
  4 hobgoblins
  3 jackals (D:2)
  A quokka (D:2)
  2 ball pythons
  5 bats
  3 frilled lizards
  A kobold (D:2)
  A rat (D:1)
38 creatures vanquished.

Notes
Turn   | Place    | Note
-------+----------+-------------------------------------------
     0 | D:1      | Vulpanium the Merfolk Chaos Knight began the quest for the
                  | Orb.
     0 | D:1      | Reached XP level 1. HP: 18/18 MP: 1/1
   117 | D:1      | XOM: silly message
   166 | D:1      | Found a faded altar of an unknown god.
   363 | D:1      | XOM: silly message
   365 | D:1      | Reached XP level 2. HP: 25/25 MP: 2/2
   405 | D:1      | XOM: silly message
   773 | D:1      | XOM: silly message
   785 | D:2      | Reached skill level 4 in Fighting
   814 | D:2      | XOM: silly message
   861 | D:2      | Reached XP level 3. HP: 30/30 MP: 3/3
  1061 | D:2      | Found Mulizev's Armour Emporium.
  1087 | D:2      | Reached skill level 1 in Armour
  1505 | D:2      | XOM: divination: detect items
  1590 | D:3      | XOM: enchant monster (bad)
  1620 | D:3      | Reached XP level 4. HP: 29/37 MP: 4/4
  1834 | D:3      | XOM: butterfly on damage
  1843 | D:3      | Slain by a worm

Illustrated notes

Levels and vault maps discovered:
D:1:      amcnicky_arrival_flooded_fountain, layout_rooms,
          ebering_ecumenical_altar_mist
D:2:      layout_loops_cross, serial_shops, nicolae_shop_advertising_works
          [nicolae_subvault_shop_adworks]
D:3:      gammafunk_wand_slinger, layout_loops_ring,
          riverfiend_overflow_shadow_ancestor, marbit_many_paths,
          chei_slow_surprise, serial_glass, glass_columns_a, glass_columns_c,
          serial_shops, nicolae_square_shop, chequers_serial_rivers_large_b

Skill      XL: |  1  2  3 |
---------------+----------+-----
Fighting       | 4 |  4.2
Dodging        | 3 |  3.1
Armour         | 1 |  1.0
Axes           | 3 |  3.0
Stealth        | |  0.9

Action                   |  1- 3 |  4- 6 || total
-------------------------+-------+-------++-------
Melee: Hand axe          |    97 |    26 ||   123
       Punch             |     1 |       ||     1
Evoke: Piece from Xom's  |     2 |       ||     2
  Use: Scroll            |     4 |       ||     4
       Potion            |       |     1 ||     1
 Stab: Sleeping          |     1 |       ||     1
       Petrified         |    10 |       ||    10
Armor: Leather armour    |    20 |       ||    20
       Scale mail        |    20 |    15 ||    35
Dodge: Dodged            |    63 |    15 ||    78
